 Dungeon Crawl Stone Soup version 0.22.1-2-g9c5b331 (webtiles) character file.

5791 Matador8 the Transmogrifier (level 10, -9/80 HPs)
             Began as a Merfolk Transmuter on Dec 19, 2018.
             Was an Elder of Wu Jian.
             Mangled by a two-headed ogre
             ... wielding a +0 giant spiked club
              (25 damage)
             ... on level 9 of the Dungeon.
             The game lasted 01:19:07 (9878 turns).

Matador8 the Transmogrifier (Merfolk Transmuter)    Turns: 9878, Time: 01:19:08

Health: -9/80      AC:  4    Str: 16    XL:     10   Next: 79%
Magic:  7/13       EV: 18    Int: 14    God:    Wu Jian [****..]
Gold:   637        SH:  0    Dex: 15    Spells: 2/13 levels left

rFire    + . .     SeeInvis .     - Unarmed
rCold    + . .     Gourm    .   (shield currently unavailable)
rNeg     . . .     Faith    .   X - +1 leather armour {rF+}
rPois    .         Spirit   .   (no helmet)
rElec    .         Reflect  .   f - -2 cloak (curse)
rCorr    .         Harm     .   (gloves currently unavailable)
MR       .....                  u - +0 pair of boots
Stlth    +.........             (no amulet)
HPRegen  0.23/turn              M - ring of protection from cold
MPRegen  0.13/turn              o - +4 ring of strength

@: blade hands
A: change form in water, swift swim, stealthy swim
a: End Transformation, Wall Jump, Serpent's Lash, Renounce Religion


You were on level 9 of the Dungeon.
You worshipped Wu Jian.
Wu Jian was greatly pleased with you.
You were not hungry.
You had blades for hands.
You visited 1 branch of the dungeon, and saw 9 of its levels.
You also visited: Ossuary.

You collected 683 gold pieces.
You spent 46 gold pieces at shops.

Inventory:

Hand Weapons
 b - a +0 blowgun
 i - a +2 dagger of draining
 E - a +2 hunting sling of flaming
 K - a cursed -3 short sword
Missiles
 a - 100 arrows
 e - 255 stones
 p - 25 poisoned needles (quivered)
 q - 88 sling bullets
Armour
 f - a cursed -2 cloak (worn)
 h - the +3 leather armour of Plasticity {Stlth+, unknown}
   (You found it on level 8 of the Dungeon)

   It makes you more stealthy.
 r - a +0 buckler
 u - a +0 pair of boots (worn)
 D - a +1 pair of gloves (melded)
 V - a +0 robe of magic resistance
 X - a +1 leather armour of fire resistance (worn)
Jewellery
 m - an uncursed ring of magical power
 o - a +4 ring of strength (right scythe-like blade)
 y - a +5 ring of intelligence
 A - an uncursed ring of see invisible
 M - a ring of protection from cold (left scythe-like blade)
Wands
 C - a wand of iceblast (5)
 N - a wand of paralysis (5)
 S - a wand of clouds (7)
Scrolls
 g - 3 scrolls of noise
 l - 2 scrolls of blinking
 n - 2 scrolls of amnesia
 s - 4 scrolls of identify
 v - 2 scrolls of enchant armour
 B - 2 scrolls of fog
 G - 4 scrolls of teleportation
 H - 2 scrolls of fear {unknown}
 J - a scroll of remove curse {unknown}
 L - a scroll of acquirement {unknown}
 U - a scroll of holy word {unknown}
 Z - a scroll of vulnerability {unknown}
Potions
 c - 8 potions of flight
 j - a potion of ambrosia {unknown}
 k - a potion of agility {unknown}
 w - 2 potions of resistance {unknown}
 x - 3 potions of magic {unknown}
 z - 2 potions of mutation {unknown}
 F - 2 potions of might {unknown}
 I - 2 potions of haste {unknown}
 O - 2 potions of heal wounds
 P - a potion of lignification {unknown}
 R - 2 potions of berserk rage {unknown}
 T - a potion of degeneration {unknown}
 W - a potion of brilliance {unknown}
 Y - a potion of curing
Miscellaneous
 Q - a sack of spiders
Comestibles
 d - 11 rations
 t - 9 chunks of flesh


   Skills:
 + Level 7.7 Fighting
 + Level 9.5 Dodging
 - Level 9.2 Unarmed Combat
 - Level 2.0 Spellcasting
 - Level 12.4 Transmutations


You had 2 spell levels left.
You knew the following spells:

 Your Spells              Type           Power        Failure   Level  Hunger
a - Beastly Appendage     Tmut           #####.       9%          1    ##.....
b - Sticks to Snakes      Tmut           #####...     10%         2    ###....
c - Spider Form           Tmut/Pois      ###.......   38%         3    ####...
d - Blade Hands           Tmut           #####.....   32%         5    ######.

Your spell library contained the following spells:

 Spells                   Type           Power        Failure   Level  Hunger
 Ice Form                 Ice/Tmut       ###.....     65%         4    #####..


Dungeon Overview and Level Annotations

Branches:
Dungeon (9/15)             Temple (0/1) D:7            Lair (0/6) D:8
    Orc: D:9-12

Altars:
Ashenzari
Cheibriados
Dithmenos
Makhleb
Okawaru
Ru
Trog
Wu Jian
Zin

Shops:
D:8 *

Annotations:
D:6 1 runed door, Frank's ghost, novice OpFi
D:9 Prince Ribbit


Message History

You spin and attack the two-headed ogre.
You hit the two-headed ogre but do no damage.
The two-headed ogre barely misses you.
The two-headed ogre hits you with a giant club!
You lunge at the two-headed ogre.
You completely miss the two-headed ogre.
The two-headed ogre hits you with a giant spiked club!
The two-headed ogre hits you with a giant club!!
* * * LOW HITPOINT WARNING * * *
You lunge at the two-headed ogre.
You slice the two-headed ogre!! Your slash misses the two-headed ogre.
The two-headed ogre is moderately wounded.
The two-headed ogre closely misses you.
The two-headed ogre hits you with a giant club!
* * * LOW HITPOINT WARNING * * *
Casting: Blade Hands (very dangerous; 32% risk of failure)
Confirm with . or Enter, or press ? or * to list all spells.
You create a snake!
You now have 100 arrows.
The two-headed ogre hits you with a giant spiked club!!
You die...

####.##..#.##..# ..
##...#...#..#
....##### ##........#
(_(.....# ##..#...###
....###.#####...#####
. #..........#
#...###..### ###.#
##O# #.# #@# #
.#######.# #S#.##
.........# #.#..####
########.####........
#.........####
#.............
#########.#### .# #


You could see a two-headed ogre and a friendly ball python.

Vanquished Creatures
  Pikel (D:7)
  Joseph (D:7)
  10 yaks
  Sigmund (D:2)
  A basilisk (D:8)
  3 porcupines (D:8)
  A sky beast (D:8)
  3 ogres
  An ice beast (D:7)
  2 phantoms
  2 centaurs
  2 crocodiles (D:8)
  A big kobold (D:7)
  2 elf zombies (Ossuary)
  3 bullfrogs
  A gnoll sergeant (D:8)
  A scorpion (D:6)
  5 killer bees (D:8)
  3 wights (D:8)
  3 howler monkeys (D:6)
  A crimson imp (D:5)
  A quasit (D:9)
  2 centaur zombies (Ossuary)
  2 human zombies (Ossuary)
  3 jellies
  6 orc priests
  A bullfrog zombie (D:8)
  A hound (D:7)
  6 orc wizards
  An iguana (D:8)
  4 worker ants
  2 big kobold zombies (Ossuary)
  A hound zombie (D:6)
  A hound skeleton (D:6)
  A mummy (Ossuary)
  2 worker ant zombies
  12 gnolls
  6 adders
  2 shadow imps
  3 worms
  A dart slug (D:3)
  4 leopard geckos
  22 orcs
  3 ball pythons
  6 giant cockroaches
  4 goblins
  4 hobgoblins
  7 jackals
  4 quokkas
  7 bats
  10 frilled lizards
  2 goblin zombies
  8 hobgoblin zombies (Ossuary)
  6 kobolds
  3 kobold zombies (Ossuary)
  A leopard gecko skeleton (D:6)
  6 orc zombies (Ossuary)
  A quokka zombie (D:5)
  6 rats
  2 rat zombies (Ossuary)
212 creatures vanquished.

Vanquished Creatures (collateral kills)
  An orc warrior (D:6)
  A slave (D:7)
  A centaur zombie (Ossuary)
  An orc priest (D:5)
  A jelly (D:7)
  4 orc wizards
  A worker ant (D:5)
  A mummy (Ossuary)
  3 gnolls
  An adder (D:7)
  An adder skeleton (D:5)
  4 orcs
  4 hobgoblin zombies (Ossuary)
  2 kobolds (D:7)
  A kobold zombie (Ossuary)
  3 orc zombies (Ossuary)
30 creatures vanquished.

Vanquished Creatures (others)
  A slave (D:7)
  A crimson imp (D:7)
  A mummy (D:7)
  A fungus (D:8)
  3 plants (D:8)
7 creatures vanquished.

Grand Total: 249 creatures vanquished

Notes
Turn   | Place    | Note
-------+----------+-------------------------------------------
     0 | D:1      | Matador8 the Merfolk Transmuter began the quest for the
                  | Orb.
     0 | D:1      | Reached XP level 1. HP: 15/15 MP: 3/3
   126 | D:1      | Reached skill level 3 in Transmutations
   159 | D:1      | Reached XP level 2. HP: 16/21 MP: 3/5
   408 | D:1      | Learned a level 2 spell: Sticks to Snakes
   598 | D:1      | Reached XP level 3. HP: 26/26 MP: 4/6
   749 | D:2      | Noticed Sigmund
   814 | D:2      | Reached skill level 4 in Transmutations
   896 | D:2      | Learned a level 3 spell: Spider Form
  1376 | D:3      | Reached XP level 4. HP: 19/32 MP: 5/7
  2271 | D:3      | Found an ornate altar of the Wu Jian Council.
  2371 | D:3      | Found a faded altar of an unknown god.
  2527 | D:4      | Found a glowing silver altar of Zin.
  3069 | D:2      | Reached skill level 5 in Transmutations
  3074 | D:2      | Reached XP level 5. HP: 15/37 MP: 3/8
  3080 | D:2      | Reached skill level 5 in Unarmed Combat
  3936 | D:4      | HP: 1/37 [worker ant (1)]
  4226 | D:4      | Found a bloodstained altar of Trog.
  4640 | D:3      | Became a worshipper of the Wu Jian Council
  4760 | D:2      | Killed Sigmund
  4760 | D:2      | Reached XP level 6. HP: 37/43 MP: 2/9
  4816 | D:5      | Entered Level 5 of the Dungeon
  4817 | D:5      | Found a shadowy altar of Dithmenos.
  4867 | D:5      | HP: 1/43 [orc priest/divine providence (11)]
  5088 | D:5      | Found a sand-covered staircase.
  5095 | Ossuary  | Entered an ossuary
  5148 | Ossuary  | Reached * piety under Wu Jian
  5200 | Ossuary  | Reached XP level 7. HP: 29/48 MP: 8/10
  5428 | Ossuary  | Reached ** piety under Wu Jian
  5833 | D:5      | Found an iron altar of Okawaru.
  5933 | D:5      | Reached skill level 6 in Transmutations
  5933 | D:5      | Reached XP level 8. HP: 33/54 MP: 7/11
  6046 | D:5      | Reached skill level 7 in Transmutations
  6056 | D:5      | Learned a level 5 spell: Blade Hands
  6398 | D:6      | Reached skill level 8 in Transmutations
  6679 | D:6      | Found a runed door.
  6682 | D:6      | Noticed Frank's ghost (novice OpFi)
  6744 | D:6      | Found a sacrificial altar of Ru.
  6787 | D:6      | Reached skill level 9 in Transmutations
  6796 | D:6      | HP: 2/54 [something/puff of flame (10)]
  7103 | D:6      | Reached *** piety under Wu Jian
  7276 | D:6      | Reached skill level 10 in Transmutations
  7291 | D:7      | Reached XP level 9. HP: 50/59 MP: 9/12
  7313 | D:7      | Noticed Pikel
  7321 | D:7      | Killed Pikel
  7321 | D:7      | Reached skill level 12 in Transmutations
  7724 | D:7      | Found a staircase to the Ecumenical Temple.
  7799 | D:7      | Noticed Joseph
  7810 | D:7      | HP: 2/61 [Joseph/uncursed quarterstaff of protection (16)]
  7821 | D:7      | Found a snail-covered altar of Cheibriados.
  7827 | D:7      | Killed Joseph
  8136 | D:8      | Got a faintly glowing leather armour
  8238 | D:8      | Reached skill level 5 in Dodging
  8248 | D:8      | Reached XP level 10. HP: 35/73 MP: 7/13
  8252 | D:8      | HP: 1/73 [yak (13)]
  8266 | D:8      | Reached skill level 5 in Fighting
  8341 | D:8      | Found Atifoaw's Assorted Antiques.
  8385 | D:8      | Bought a scroll of identify for 46 gold pieces
  8451 | D:8      | Found a staircase to the Lair.
  8465 | D:8      | Reached **** piety under Wu Jian
  8532 | D:8      | HP: 3/76 [porcupine (13)]
  8937 | D:8      | Found a shattered altar of Ashenzari.
  9673 | D:9      | Noticed Prince Ribbit
  9851 | D:9      | Found a burning altar of Makhleb.
  9851 | D:9      | Noticed a two-headed ogre
  9878 | D:9      | Mangled by a two-headed ogre

Skill      XL: |  1  2  3  4  5  6  7  8  9 10 |
---------------+-------------------------------+-----
Transmutations | 3 4 5 6 10 12 | 12.4
Unarmed Combat | 4 6 7 9 |  9.2
Dodging        | 6 9 |  9.5
Fighting       | 4 7 |  7.7
Spellcasting   | |  2.0

Action                   |  1- 3 |  4- 6 |  7- 9 | 10-12 || total
-------------------------+-------+-------+-------+-------++-------
Melee: Unarmed           |   108 |   180 |   273 |   131 ||   692
       Headbutt          |     5 |    21 |    13 |       ||    39
       Punch             |     4 |     9 |     8 |     6 ||    27
 Cast: Beastly Appendage |    12 |    15 |     6 |       ||    33
       Sticks to Snakes  |     2 |    24 |    22 |    20 ||    68
       Spider Form       |       |     2 |     5 |       ||     7
       Blade Hands       |       |       |     8 |    13 ||    21
Invok: Lunge             |       |     8 |    30 |    25 ||    63
       Whirlwind         |       |     1 |    35 |    11 ||    47
       Wall Jump         |       |       |     6 |     3 ||     9
       Serpent's Lash    |       |       |       |     1 ||     1
 Abil: End Transformatio |       |     1 |       |       ||     1
Evoke: Wand              |       |     1 |       |       ||     1
  Use: Scroll            |       |     4 |     4 |       ||     8
       Potion            |       |     3 |     4 |     2 ||     9
 Stab: Sleeping          |     1 |     1 |     1 |       ||     3
       Distracted        |       |       |     2 |       ||     2
  Eat: Chunk             |     2 |     8 |     4 |     6 ||    20
       Ration            |       |     2 |     3 |     2 ||     7
Armor: Robe              |    19 |     1 |       |       ||    20
       Leather armour    |       |    35 |    41 |    13 ||    89
Dodge: Dodged            |    75 |    80 |   136 |    84 ||   375
